 Dungeon Crawl Stone Soup version 0.16-a0-1243-g6e0463c (webtiles) character file.

291 Leibowitz the Ducker (level 6, -7/47 HPs)
             Began as a Merfolk Assassin on Oct 13, 2014.
             Mangled by an ice beast (8 damage)
             ... on level 5 of the Dungeon.
             The game lasted 00:16:07 (3203 turns).

Leibowitz the Ducker (Merfolk Assassin)             Turns: 3203, Time: 00:16:08

Health: -7/47      AC:  5    Str: 12    XL:     6   Next: 32%
Magic:  6/6        EV: 15    Int: 10    God:
Gold:   237        SH:  0    Dex: 17    Spells: 0 memorised, 5 levels left

rFire  . . .     SeeInvis .     b - +2 dagger (flame)
rCold  . . .     Clarity  .     C - +0 leather armour
rNeg   . . .     SustAb   .     (no shield)
rPois  .         Gourm    .     i - +0 helmet
rElec  .         Spirit   .     d - +0 cloak
rCorr  .         Warding  .     (no gloves)
rMut   .         Stasis   .     (no boots)
MR     +....                    (no amulet)
Stlth  ++++......               q - ring of protection from magic
                                h - ring of stealth

@: somewhat resistant to hostile enchantments, stealthy
A: change form in water, swift swim
a: no special abilities


You were on level 5 of the Dungeon.
You were not hungry.

You visited 1 branch of the dungeon, and saw 5 of its levels.

You collected 237 gold pieces.

Inventory:

Hand weapons
 a - a +1 spear
 b - a +2 dagger of flaming (weapon)
 n - a +2 dagger
 x - a +0 blowgun
Missiles
 e - 56 poisoned needles
 o - a throwing net (quivered)
Armour
 d - a +0 cloak (worn)
 i - a +0 helmet (worn)
 C - a +0 leather armour (worn)
Jewellery
 h - a ring of stealth (left hand)
 q - a ring of protection from magic (right hand)
Scrolls
 l - 4 scrolls of identify
 p - 3 scrolls of teleportation
 B - a scroll of remove curse
Potions
 s - a potion of agility
 w - a potion of lignification {unknown}
 z - a potion of poison {unknown}
Comestibles
 g - 3 bread rations
 u - a meat ration
 A - a royal jelly


   Skills:
 * Level 3.5 Fighting
 - Level 2.4 Short Blades
 * Level 0.8 Polearms
 - Level 2.0 Throwing
 * Level 5.9 Dodging
 + Level 5.8 Stealth


You had 5 spell levels left.
You didn't know any spells.

Dungeon Overview and Level Annotations

Branches:
Dungeon (5/15)
 Temple: D:4-7

Altars:
Dithmenos
Fedhas
Nemelex Xobeh


Message History

You hit the ice beast but do no damage.
The ice beast is almost dead.
The ice beast barely misses you.
You hit the ice beast.
You melt the ice beast.
The ice beast is almost dead.
The ice beast hits you.
* * * LOW HITPOINT WARNING * * *
The ice beast freezes you!
* * * LOW HITPOINT WARNING * * *
Unknown command.
Drink which item? (? for menu, Esc to quit)
Okay, then.
Read which item? (? for menu, Esc to quit)
Okay, then.
Your leather armour prevents you from hitting the ice beast.
The ice beast is almost dead.
The ice beast hits you.
* * * LOW HITPOINT WARNING * * *
The ice beast freezes you!
You die...

#..... ..#+##
#...[##+#....#
#....#..#....+
#...<#..#....#
+....'..'..(.#
#....#..#....#
#....#..#..%.# .
#....#..#....##+#....#
#....#..#....@.......#
.
#....#..#.....Y......#
#..
#....#..#............
#..
....#..+............
#.. .+..#............
+.. #........... #..
#....##+#.. #+#####..
#....# . #.....g.. ..+
+....g...


You could see an ice beast.

Vanquished Creatures
  A sky beast (D:4)
  A hound (D:4)
  Natasha (thrice) (D:3)
  4 adders
  A gnoll (D:5)
  An orc zombie (D:5)
  3 giant geckos
  An ooze (D:2)
  4 orcs (D:3)
  A ball python (D:4)
  5 giant cockroaches
  8 goblins
  8 hobgoblins
  7 kobolds
  3 quokkas
  9 bats
  6 giant newts
  10 rats
76 creatures vanquished.

Notes
Turn   | Place    | Note
--------------------------------------------------------------
     0 | D:1      | Leibowitz, the Merfolk Assassin, began the quest for the Orb.
     0 | D:1      | Reached XP level 1. HP: 16/16 MP: 1/1
   236 | D:1      | Reached XP level 2. HP: 12/23 MP: 2/2
   394 | D:1      | Reached skill level 5 in Stealth
   594 | D:1      | Reached XP level 3. HP: 25/28 MP: 3/3
   962 | D:2      | Found a sparkling altar of Nemelex Xobeh.
  1152 | D:2      | Reached XP level 4. HP: 21/34 MP: 4/4
  1668 | D:3      | Noticed Natasha
  1876 | D:3      | Found a blossoming altar of Fedhas.
  2028 | D:3      | Killed Natasha
  2028 | D:3      | Reached XP level 5. HP: 39/41 MP: 5/5
  2116 | D:3      | Found a shadowy altar of Dithmenos.
  2262 | D:3      | Noticed Natasha
  2267 | D:3      | Killed Natasha
  2274 | D:3      | Noticed Natasha
  2277 | D:3      | Killed Natasha
  2364 | D:4      | Reached skill level 5 in Dodging
  2490 | D:4      | Noticed a sky beast
  2493 | D:4      | Killed a sky beast
  2493 | D:4      | Reached XP level 6. HP: 47/47 MP: 6/6
  2793 | D:5      | Entered Level 5 of the Dungeon
  3202 | D:5      | HP: 1/47 [ice beast (12)]
  3203 | D:5      | Mangled by an ice beast

Action                   |  1- 3 |  4- 6 || total
-------------------------+-------+-------++-------
Melee: Dagger            |   115 |    97 ||   212
       Spear             |       |    67 ||    67
 Fire: Blowgun           |       |     5 ||     5
Throw: Throwing net      |     1 |       ||     1
  Use: Potion            |       |     7 ||     7
       Scroll            |       |     9 ||     9
 Stab: Sleeping          |     3 |    14 ||    17
       Held in net/web   |     1 |       ||     1
       Distracted        |       |     1 ||     1
  Eat: Chunk             |     1 |     1 ||     2
